AoeStats
← Juanjopaz27

Black Forest

507184801Analyzed
2v2 RM · 14d ago on Sep 17, 2026· 97m 3s· 4 players
Game mode
Random Map
Map size
Medium (4 player)
Population
200
Speed
Normal
Resources
Standard
Victory
Conquest
Starting age
Dark Age
Ending age
Imperial Age
RankedLock teamsTeams togetherTeam positionsShared explorationLock speedFull tech treeHidden civsTurbo modeCheats
Victory
Defeat
🇨🇴 Tatars · Colombia
771
+20
🇨🇴 Turks · Colombia
715
+17
🇨🇱 Spanish · Chile
784
-18
🇨🇱 Cumans · Chile
689
-14
borisduran
1:08 Loom
12:13 Feudal Age
22:33 Castle Age
22:11 Wheelbarrow
25:11 Double-Bit Axe
25:05 Elite Skirmisher
25:47 Padded Archer Armor
25:50 Squires
27:40 Pikeman
28:19 Gold Mining
29:04 Man-at-Arms
29:07 Crossbowman
30:27 Gold Shaft Mining
30:00 Murder Holes
30:27 Ballistics
30:39 Caravan
31:01 Bow Saw
32:09 Heated Shot
32:42 Hand Cart
34:13 Leather Archer Armor
34:02 Scale Mail Armor
35:34 Stone Mining
35:28 Horse Collar
38:54 Imperial Age
37:34 Chain Mail Armor
37:30 Forging
37:11 Fletching
37:27 Scale Barding Armor
37:55 Bloodlines
37:07 Light Cavalry
38:55 Capped Ram
39:03 Cavalier
39:06 Hussar
40:26 Ring Archer Armor
39:52 Bodkin Arrow
40:03 Heavy Plow
40:45 Coinage
41:33 Chemistry
42:50 Plate Mail Armor
42:41 Chain Barding Armor
42:58 Iron Casting
43:19 Halberdier
43:22 Long Swordsman
44:47 Crop Rotation
43:47 Onager
44:33 Town Watch
44:13 Two-Handed Swordsman
46:58 Blast Furnace
46:34 Plate Barding Armor
46:27 Paladin
75:32 Banking
75:13 Guilds
vegeta2k7
0:28 Loom
12:04 Feudal Age
13:46 Double-Bit Axe
14:51 Wheelbarrow
16:04 Horse Collar
21:55 Castle Age
20:56 Stone Mining
21:02 Gold Mining
24:24 Stone Shaft Mining
36:08 Imperial Age
33:27 Town Watch
34:09 Bow Saw
34:11 Elite Skirmisher
34:39 Gambesons
34:58 Squires
34:46 Arson
34:24 Pikeman
35:44 Fortified Wall
35:29 Murder Holes
36:19 Hand Cart
36:16 Fletching
36:27 Padded Archer Armor
39:24 Chemistry
38:40 Masonry
38:35 Bodkin Arrow
38:56 Leather Archer Armor
40:32 Caravan
40:54 Thumb Ring
41:20 Bombard Tower
41:59 Bracer
42:31 Ring Archer Armor
42:47 Ballistics
43:13 Elite Conquistador
44:33 Hoardings
44:13 Forging
44:03 Scale Mail Armor
45:34 Architecture
46:14 Guilds
46:35 Coinage
46:18 Halberdier
46:20 Man-at-Arms
46:25 Cavalier
47:08 Husbandry
47:20 Bloodlines
46:33 Light Cavalry
47:55 Iron Casting
47:36 Chain Mail Armor
47:26 Scale Barding Armor
47:28 Heavy Plow
48:20 Conscription
49:16 Capped Ram
50:36 Banking
50:31 Town Patrol
51:38 Blast Furnace
51:08 Plate Mail Armor
50:59 Chain Barding Armor
51:49 Paladin
55:38 Two-Man Saw
54:32 Arrowslits
55:24 Plate Barding Armor
78:01 Onager
91:50 Long Swordsman
Juanjopaz27
2:33 Loom
10:41 Feudal Age
11:40 Double-Bit Axe
12:08 Horse Collar
19:26 Castle Age
17:34 Gold Mining
18:09 Fletching
18:20 Padded Archer Armor
20:41 Bodkin Arrow
21:03 Heavy Plow
21:17 Bow Saw
23:50 Gold Shaft Mining
25:13 Wheelbarrow
27:40 Town Watch
28:05 Elite Skirmisher
29:17 Leather Archer Armor
31:08 Hand Cart
34:27 Imperial Age
33:42 Scale Barding Armor
35:25 Chain Barding Armor
37:46 Plate Barding Armor
39:27 Ballistics
40:43 Heavy Cavalry Archer
41:44 Stone Mining
44:06 Crop Rotation
43:56 Bracer
44:27 Ring Archer Armor
44:41 Town Patrol
46:54 Chemistry
46:24 Elite Keshik
52:49 Crossbowman
79:27 Pikeman
80:09 Squires
79:54 Arson
80:13 Scale Mail Armor
80:23 Forging
80:35 Halberdier
82:20 Iron Casting
84:32 Blast Furnace
Mathias1493
15:42 Feudal Age
16:46 Double-Bit Axe
17:39 Wheelbarrow
16:57 Gold Mining
20:47 Horse Collar
21:16 Stone Mining
28:19 Castle Age
27:00 Forging
27:17 Fletching
28:35 Padded Archer Armor
29:45 Hand Cart
35:59 Caravan
36:27 Scale Barding Armor
39:36 Imperial Age
37:37 Heavy Plow
38:14 Bow Saw
39:47 Leather Archer Armor
41:30 Iron Casting
43:21 Two-Man Saw
43:22 Gold Shaft Mining
45:01 Artillery
46:11 Elite Janissary
48:27 Blast Furnace
48:10 Heavy Camel Rider
49:00 Bloodlines
48:52 Husbandry
51:41 Chain Barding Armor
64:45 Sipahi
64:52 Scale Mail Armor
75:17 Plate Barding Armor
74:38 Bodkin Arrow
78:23 Bombard Tower
83:13 Ring Archer Armor
82:48 Bracer
93:51 Chain Mail Armor
96:02 Plate Mail Armor
Connection lost

Rejoining the realm…

Still unreachable

The connection could not be restored.

Session expired

The server has moved on; the page needs a fresh start.